 Dungeon Crawl Stone Soup version 0.29.1-15-g9cfb28693d (webtiles) character file.

Game seed: 15983467269331124586

40 chaostorm the Covered (level 3, -2/49 HPs)
             Began as a Minotaur Fighter on Aug 30, 2022.
             Slain by a gnoll
             ... wielding a +0 whip
              (5 damage)
             ... on level 2 of the Dungeon on Mar 22, 2023.
             The game lasted 00:15:24 (1847 turns).

chaostorm the Covered (Minotaur Fighter)            Turns: 1847, Time: 00:15:25

Health: -2/49      AC: 21    Str: 22    XL:     3   Next: 30%
Magic:  2/2        EV:  2    Int:  5    God:
Gold:   58         SH:  4    Dex:  9    Spells: 2/2 levels left

rFire   . . .      SeeInvis .   a - +0 war axe
rCold   . . .      Faith    .   c - +0 buckler
rNeg    . . .      Spirit   .   (body armour currently unavailable)
rPois   +          Reflect  .   (helmet currently unavailable)
rElec   .          Harm     .   (cloak currently unavailable)
rCorr   .          Rampage  .   (gloves currently unavailable)
Will    .....      NoTele   +   (boots currently unavailable)
Stlth   +.........              (no amulet)
HPRegen 0.16/turn               (no ring)
MPRegen 0.08/turn               (no ring)

@: tree-form
A: stationary, stasis, torment immunity, boosted hp, (horns 2), (retaliatory
headbutt)
a: no special abilities


You were on level 2 of the Dungeon.
You were a tree.
You visited 1 branch of the dungeon, and saw 2 of its levels.

You collected 58 gold pieces.

Inventory:

Hand Weapons
 a - a +0 war axe (weapon)
 j - a +0 short sword
Missiles
 e - 35 stones (quivered)
Armour
 b - a +0 scale mail
 c - a +0 buckler (worn)
 g - a +0 chain mail (melded)
 l - a +0 hat (melded)
 m - a +0 pair of gloves (melded)
 n - a +0 leather armour
Scrolls
 f - a scroll of amnesia {unknown}
 h - a scroll of fear {unknown}
 k - a scroll of identify {unknown}
 o - a scroll of enchant weapon {unknown}
Potions
 d - a potion of might
 i - 2 potions of lignification


   Skills:
 + Level 4.2 Fighting
 + Level 3.1 Axes
 + Level 4.4 Armour
 + Level 3.7 Shields


You had 2 spell levels left.
You didn't know any spells.
Your spell library contained the following spells:

 Spells                   Type           Power      Damage    Failure   Level
 Foxfire                  Conj/Fire      0%         2x1d4     56%         1
 Conjure Flame            Conj/Fire      0%         6-21      91%         3
 Inner Flame              Hex/Fire       0%         N/A       91%         3
 Stone Arrow              Conj/Erth      0%         3d7       91%         3
 Animate Armour           Summ/Erth      0%         N/A       100%        4
 Flame Wave               Conj/Fire      0%         2d4       100%        4
 Lehudib's Crystal Spear  Conj/Erth      0%         10d2      100%        8


Dungeon Overview and Level Annotations

Branches:
Dungeon (2/15)

Altars:

Shops:
D:1 !


Innate Abilities, Weirdness & Mutations

You are a tree.
Your roots penetrate the ground, keeping you stationary.
You cannot be teleported.
You are immune to unholy pain and torment.
Your maximum health is greatly increased.
Your equipment is partially melded.
((You have a pair of horns on your head.))
((You reflexively headbutt those who attack you in melee.))


Message History

The gnoll barely misses you.
You completely miss the gnoll. Your headbutt misses the gnoll.
The gnoll is almost dead.
You closely miss the gnoll. The gnoll closely misses you.
You block the gnoll's attack. The gnoll completely misses you.
The gnoll hits you with a +0 whip.
You barely miss the gnoll.
The gnoll is almost dead.
You hit the gnoll but do no damage.
The quokka twitches its whiskers.
The gnoll hits you but does no damage. The gnoll hits you with a +0 whip!
You are too injured to fight recklessly!
You are too injured to fight recklessly!
You are too injured to fight recklessly!
The gnoll attacks as you move away! The gnoll completely misses you.
You furiously retaliate!
You headbutt the gnoll, but do no damage.
You block the gnoll's attack. The gnoll attacks as you move away!
The gnoll closely misses you. The gnoll attacks as you move away!
The gnoll barely misses you. The quokka attacks as you move away!
The quokka bites you.
* * * LOW HITPOINT WARNING * * *
The gnoll attacks as you move away! The gnoll hits you but does no damage.
The gnoll attacks as you move away! The gnoll hits you but does no damage.
The gnoll attacks as you move away! You block the gnoll's attack.
The gnoll hits you with a +0 flail!
* * * LOW HITPOINT WARNING * * *
The gnoll attacks as you move away! The gnoll hits you but does no damage.
Okay, then.
Cleave: a) +0 war axe
Press: ? - help, Dir - move target, f - gnoll
Aim: a gnoll, wielding a +0 whip (severely wounded, about 42% to evade your +0 war axe)
Okay, then.
Unknown command.
It was a potion of lignification.
You turn into a tree.
Your +0 hat melds into your body.
Your +0 pair of gloves melds into your body.
Your +0 chain mail melds into your body.
Your roots penetrate the ground.
The gnoll hits you with a +0 whip.
You die...

#########..# ##..........# ..
..# #...### #. #.# #......
#.##.###.####. #####........#
#. #.........#### #.
#.######..#### #. ##+## #♣#
#........# #. ##...###g#
#.##..##.# ## ##.....##r#
####''#### ##.......#g#
#....†...#
...####.........g###.≈≈..≈≈.#
......'............#.≈8..8≈.#
...####............'........+
##.......###.'........+
##.....## ###.≈8..8≈.#


You could see 3 gnolls and a quokka.

Vanquished Creatures
  A worm (D:2)
  A dart slug (D:1)
  7 endoplasms
  2 giant cockroaches (D:1)
  3 goblins (D:1)
  4 hobgoblins
  A kobold (D:1)
  A quokka (D:1)
  4 ball pythons
  3 bats (D:1)
  2 frilled lizards
  2 rats (D:1)
31 creatures vanquished.

Notes
Turn   | Place    | Note
-------+----------+-------------------------------------------
     0 | D:1      | chaostorm the Minotaur Fighter began the quest for the Orb.
     0 | D:1      | Reached XP level 1. HP: 19/19 MP: 0/0
   232 | D:1      | Reached XP level 2. HP: 24/27 MP: 1/1
   486 | D:1      | Found Ysagus's Distillery.
   828 | D:1      | Reached XP level 3. HP: 31/33 MP: 2/2
  1186 | D:1      | Upgraded the game from 0.29.0-5-ge4962eb29e to
                  | 0.29.1-15-g9cfb28693d
  1843 | D:2      | HP: 1/33 [gnoll/+0 flail (8)]
  1847 | D:2      | Slain by a gnoll

Illustrated notes

Levels and vault maps discovered:
D:1:      heliophobic_arrival_dark_side_of_the_moon, layout_loops_ring,
          serial_shops, nicolae_shop_stone
D:2:      layout_loops_corners, hellmonk_ecumenical_altar_arch_garden,
          kennysheep_generic_room_5

Skill      XL: |  1  2  3 |
---------------+----------+-----
Fighting       | 4 |  4.2
Armour         | 4 |  4.4
Axes           | 3 |  3.1
Shields        | |  3.7

Action                   || total
-------------------------++-------
Melee: War axe           ||    62
       Headbutt          ||    10
  Use: Potion            ||     2
Armor: Scale mail        ||    10
       Chain mail        ||    30
Dodge: Dodged            ||    30
Block: Buckler           ||    23
